 Dungeon Crawl Stone Soup version 0.29.1-1-gd02db6906a (webtiles) character file.

Game seed: 14360326528109088186

2219 hawla the Arsonist (level 9, -4/68 HPs)
             Began as a Meteoran Fire Elementalist on Oct 1, 2022.
             Slain by a hornet (6 damage)
             ... while paralysed by a hornet
             ... on level 8 of the Dungeon.
             The game lasted 00:21:57 (4469 turns).

hawla the Arsonist (Meteoran Fire Elementalist)     Turns: 4469, Time: 00:21:57

Health: -4/68      AC:  3    Str:  9    XL:     9   Next: 92%
Magic:  10/21      EV:  2    Int: 22    God:
Gold:   129        SH:  0    Dex: 15    Spells: 12/23 levels left

rFire   . . .      SeeInvis .   v - +4 long sword (elec)
rCold   + . .      Faith    .   (no shield)
rNeg    . . .      Spirit   .   a - +0 robe
rPois   .          Reflect  .   (no helmet)
rElec   .          Harm     .   (no cloak)
rCorr   .          Rampage  .   t - +0 pair of gloves
Will    +....                   (no boots)
Stlth   +.........              (no amulet)
HPRegen 0.21/turn               l - ring of protection from cold
MPRegen 0.17/turn               (no ring)

@: paralysed, lethally poisoned (-4 -> -16), slowed, glowing
A: sense surroundings 2, otherworldly, glowing, explore regen
a: no special abilities


You were on level 8 of the Dungeon.
You visited 1 branch of the dungeon, and saw 8 of its levels.

You collected 272 gold pieces.
You spent 143 gold pieces at shops.

Inventory:

Hand Weapons
 v - a +4 long sword of electrocution (weapon)
Missiles
 e - 2 throwing nets
Armour
 a - a +0 robe (worn)
 t - a +0 pair of gloves (worn)
Jewellery
 l - a ring of protection from cold (left hand)
 q - a +6 ring of intelligence
Wands
 c - a wand of paralysis (38)
 h - a wand of mindburst (6)
 r - a wand of digging (7)
 s - a wand of iceblast (8)
Scrolls
 d - a scroll of magic mapping
 g - 3 scrolls of amnesia
 j - 3 scrolls of identify
 o - 3 scrolls of teleportation
 p - a scroll of fear
 u - a scroll of noise {unknown}
Potions
 b - 2 potions of flight
 i - 5 potions of curing
 m - a potion of ambrosia
 n - 2 potions of brilliance


   Skills:
 + Level 2.9 Fighting
 + Level 3.5 Long Blades
 + Level 4.2 Dodging
 - Level 1.4 Stealth
 + Level 7.7 Spellcasting
 + Level 5.2 Conjurations
 + Level 4.7 Hexes
 + Level 8.9 Fire Magic


You had 12 spell levels left.
You knew the following spells:

 Your Spells              Type           Power      Damage    Failure   Level
a - Foxfire               Conj/Fire      100%       2x1d9     1%          1
b - Scorch                Fire           94%        2d9       1%          2
c - Flame Wave            Conj/Fire      39%        2d11      4%          4
d - Cause Fear            Hex            14%        N/A       11%         4

Your spell library contained the following spells:

 Spells                   Type           Power      Damage    Failure   Level
 Conjure Flame            Conj/Fire      39%        6-21      1%          3
 Inner Flame              Hex/Fire       38%        N/A       1%          3
 Ensorcelled Hibernation  Hex/Ice        38%        N/A       4%          2
 Spider Form              Tmut/Pois      8%         N/A       22%         3
 Anguish                  Hex/Necr       9%         N/A       28%         4
 Dragon Form              Tmut           4%         N/A       100%        7
 Dragon's Call            Summ           4%         N/A       100%        9


Dungeon Overview and Level Annotations

Branches:
Dungeon (8/15) Zot: 294    Temple (0/1) D:7
   Lair: D:8-11

Altars:
Cheibriados
Zin

Shops:
D:5 ((

Annotations:
D:4 Dowan, Duvessa


Innate Abilities, Weirdness & Mutations

You passively map the area around you.
You are easily found by Zot.
You glow in the dark.
You regain HP and MP as you explore.


Message History

You feel as though you will be slow longer.
An ice beast comes into view.
The hornet stings you!
* * * LOW HITPOINT WARNING * * *
You feel as though you will be slow longer.
Casting: Cause Fear (dangerous; 11% risk of failure)
Confirm with . or Enter, or press ? or * to list all spells.
Casting: Flame Wave (dangerous; 4% risk of failure)
Press: ? - help, Dir - look around, f - activate A wave of flame ripples out!
The flame wave engulfs the hornet but does no damage. (Press . to intensify the flame waves.)
You feel very sick. The hornet closely misses you.
The wyvern completely misses you.
The hornet stings you but does no damage.
You feel better.
The wyvern bites you but does no damage.
The hornet stings you.
* * * LOW HITPOINT WARNING * * *
You feel as though you will be slow longer.
The wyvern misses you. The hornet closely misses you.
Casting: Flame Wave (dangerous; 4% risk of failure)
Confirm with . or Enter, or press ? or * to list all spells.
Casting: Flame Wave (dangerous; 4% risk of failure)
Press: ? - help, Dir - look around, f - activate A wave of flame ripples out!
The flame wave engulfs the wyvern!
The wyvern is heavily wounded.
The flame wave engulfs the hornet!
The hornet is moderately wounded. (Press . to intensify the flame waves.)
The wyvern barely misses you. The hornet stings you.
* * * LOW HITPOINT WARNING * * *
You are poisoned.
You feel as though you will be slow longer.
The wyvern closely misses you. The hornet stings you.
* * * LOW HITPOINT WARNING * * *
You suddenly lose the ability to move!
The wyvern bites you!
* * * LOW HITPOINT WARNING * * *
The hornet stings you.
You die...

#.).....#.##..# +
, #..#...
####.#...####.# ,
, *#...### #
.#.##.###..# * * *
* *...># #
,[##.####...# , ,
.#### ,*..
,.[.o###.###+###.#
. ,* ##*
..*..#.......... *
** *, *,
#.##Y###.#.. **,
,, o.#..l## , * *
* , #.#####y@# *,*
, ,* , #.
#....#.#, ,* *, ,
*#. ##.##..# *, **
* , , ., # ,....,
* * .##### * * * *
* #. , * * , #, ,
* , * * * ,, * * *
* *,


You could see a hornet, an orc warrior (fleeing), a wyvern and an ice beast.

Vanquished Creatures
  A water moccasin (D:7)
  2 orc warriors (D:8)
  A sky beast (D:7)
  An ice beast (D:5)
  An ogre (D:5)
  4 centaurs
  A phantom (D:6)
  A kobold brigand (D:7)
  A bullfrog (D:7)
  A necrophage (D:5)
  2 scorpions
  A howler monkey (D:6)
  3 orc priests
  3 gnoll boudas
  2 hounds (D:5)
  Natasha (twice) (D:2)
  2 iguanas
  7 orc wizards
  21 gnolls
  4 adders
  2 shadow imps (D:5)
  3 white imps
  4 dart slugs
  15 orcs
  9 endoplasms
  4 giant cockroaches
  18 goblins
  8 hobgoblins
  5 quokkas
  5 ball pythons
  7 bats
  3 frilled lizards
  12 kobolds
  15 rats
171 creatures vanquished.

Vanquished Creatures (others)
  181 foxfires
  7 fungi (D:3)
188 creatures vanquished.

Grand Total: 359 creatures vanquished

Notes
Turn   | Place    | Note
-------+----------+-------------------------------------------
     0 | D:1      | hawla the Meteoran Fire Elementalist began the quest for
                  | the Orb.
     0 | D:1      | Reached XP level 1. HP: 14/14 MP: 5/5
    98 | D:1      | Reached skill level 4 in Fire Magic
    98 | D:1      | Reached XP level 2. HP: 15/20 MP: 4/6
   101 | D:1      | Learned a level 2 spell: Scorch
   317 | D:1      | Reached XP level 3. HP: 21/26 MP: 0/8
   500 | D:1      | Glimpsed the power of Zot.
   651 | D:2      | Noticed Natasha
   656 | D:2      | Killed Natasha
   657 | D:2      | Reached XP level 4. HP: 31/33 MP: 1/10
   707 | D:2      | Found a faded altar of an unknown god.
   999 | D:2      | Reached skill level 5 in Fire Magic
  1091 | D:2      | Glimpsed the power of Zot.
  1102 | D:2      | Noticed Natasha
  1104 | D:2      | Killed Natasha
  1105 | D:2      | Reached XP level 5. HP: 30/39 MP: 3/12
  1582 | D:3      | Reached XP level 6. HP: 46/46 MP: 8/13
  1692 | D:3      | Glimpsed the power of Zot.
  1744 | D:4      | Reached skill level 5 in Spellcasting
  1767 | D:3      | Learned a level 4 spell: Flame Wave
  1813 | D:3      | Reached skill level 6 in Fire Magic
  1992 | D:4      | Noticed Duvessa
  1997 | D:4      | Noticed Dowan
  2279 | D:4      | Reached XP level 7. HP: 51/51 MP: 10/15
  2289 | D:4      | Glimpsed the power of Zot.
  2329 | D:5      | Entered Level 5 of the Dungeon
  2360 | D:5      | Reached skill level 7 in Fire Magic
  2378 | D:5      | Reached skill level 1 in Fighting
  2405 | D:5      | Reached XP level 8. HP: 23/59 MP: 1/17
  2581 | D:5      | Found Roptoni's Antique Weapon Shop.
  2587 | D:5      | Bought a glowing long sword for 143 gold pieces
  2616 | D:5      | Found Bonism's Weapon Emporium.
  2692 | D:5      | Reached skill level 8 in Fire Magic
  2710 | D:5      | Found a glowing silver altar of Zin.
  2778 | D:5      | Found a snail-covered altar of Cheibriados.
  2887 | D:5      | Glimpsed the power of Zot.
  3077 | D:6      | Reached skill level 1 in Long Blades
  3164 | D:6      | Gained mutation: You passively map the area around you.
                  | [Meteoran growth]
  3164 | D:6      | Reached XP level 9. HP: 67/67 MP: 16/20
  3322 | D:6      | Reached skill level 5 in Conjurations
  3327 | D:6      | Learned a level 4 spell: Cause Fear
  3475 | D:6      | Glimpsed the power of Zot.
  3606 | D:7      | Found a staircase to the Ecumenical Temple.
  4071 | D:7      | Glimpsed the power of Zot.
  4463 | D:8      | Noticed a hornet
  4469 | D:8      | Paralysed by a hornet for 2 turns
  4469 | D:8      | HP: 2/68 [wyvern (8)]
  4469 | D:8      | Slain by a hornet

Illustrated notes

Levels and vault maps discovered:
D:1:      psy_arrival_basics, layout_loops_ring
D:2:      layout_basic, ebering_ecumenical_altar_hall, uniq_natasha
D:3:      layout_loops_ring, st_stairs_7, dreamdust_mushroom_princess,
          minmay_rat_hole, uniq_robin, uniq_crazy_yiuf_cottage
D:4:      layout_layer_cave, uniq_duvessa
D:5:      layout_rooms, zin_treasury, mainiacjoe_overflow_catwalk, serial_shops,
          shop, shop, hangedman_decor_lopped
D:6:      layout_basic, serial_corexii_hall, corexii_hall_statues_u,
          corexii_hall_statues_s
D:7:      layout_basic, minmay_temple_entry_statues, minmay_misc_feat_x,
          hangedman_decor_riveting
D:8:      layout_basic, chequers_serial_rivers_small_a, hangedman_decor_growths,
          minmay_shattered_shrine

Skill      XL: |  1  2  3  4  5  6  7  8  9 |
---------------+----------------------------+-----
Fire Magic     | 4 5 6 7 8 |  8.9
Spellcasting   | 3 4 5 6 7 |  7.7
Conjurations   | 2 4 5 |  5.2
Fighting       | 1 2 |  2.9
Dodging        | 3 4 |  4.2
Long Blades    | 1 3 |  3.5
Hexes          | 4 |  4.7
Stealth        | |  1.4

Action                   |  1- 3 |  4- 6 |  7- 9 || total
-------------------------+-------+-------+-------++-------
Melee: Unarmed           |    13 |    19 |       ||    32
       Long sword        |       |       |    79 ||    79
       Punch             |       |       |     2 ||     2
 Cast: Foxfire           |    27 |    64 |    26 ||   117
       Scorch            |    10 |    40 |    20 ||    70
       Flame Wave        |       |     2 |    19 ||    21
       Cause Fear        |       |       |     3 ||     3
  Use: Potion            |       |     3 |     1 ||     4
       Scroll            |       |    10 |     6 ||    16
Armor: Robe              |     4 |    15 |    23 ||    42
Dodge: Dodged            |    11 |    56 |    94 ||   161
